 Dungeon Crawl Stone Soup version 0.25-a0-822-g6581751 (webtiles) character file.

Game seed: 13669365814475322038, levelgen mode: deterministic

6669 robertstho the Spear-Bearer (level 11, 0/129 HPs)
             Began as a Merfolk Fighter on Apr 20, 2020.
             Was an Elder of Okawaru.
             Slain by a wyvern (9 damage)
             ... on level 9 of the Dungeon.
             The game lasted 00:15:26 (10145 turns).

robertstho the Spear-Bearer (Merfolk Fighter)      Turns: 10145, Time: 00:15:26

Health: 0/129      AC: 21    Str: 20    XL:     11   Next: 3%
Magic:  14/14      EV:  2    Int:  7    God:    Okawaru [****..]
Gold:   382        SH:  0    Dex: 14    Spells: 10/10 levels left

rFire    + . .     SeeInvis .   x - +0 halberd
rCold    x . .     Gourm    .   (shield currently unavailable)
rNeg     + + +     Faith    .   (armour currently unavailable)
rPois    +         Spirit   .   (helmet currently unavailable)
rElec    .         Reflect  .   (cloak currently unavailable)
rCorr    .         Harm     .   (gloves currently unavailable)
MR       .....     NoTele   +   (boots currently unavailable)
Stlth    +++.......             (no amulet)
HPRegen  0.31/turn              A - ring of fire
MPRegen  0.14/turn              (no ring)

@: tree-form, heroism, corroded, hasted, very quick
A: (change form in water), (swift swim), (stealthy swim)
a: Heroism, Renounce Religion


You were on level 9 of the Dungeon.
You worshipped Okawaru.
Okawaru was greatly pleased with you.
You were not hungry.
You were a tree.
You visited 2 branches of the dungeon, and saw 10 of its levels.

You collected 382 gold pieces.

Inventory:

Hand Weapons
 a - a +0 trident
 x - a +0 halberd (weapon)
Missiles
 u - 50 poisoned darts (quivered)
Armour
 c - a +0 kite shield
 g - a scarf of spirit shield (melded)
 y - a +0 helmet (melded)
 B - a +0 chain mail (melded)
Jewellery
 i - a cursed -2 ring of slaying {unknown}
 A - a ring of fire (left branch)
Wands
 b - a wand of digging (9)
 d - a wand of flame (20)
 n - a wand of enslavement (10)
Scrolls
 e - 7 scrolls of teleportation
 h - 10 scrolls of remove curse {unknown}
 j - 3 scrolls of amnesia {unknown}
 l - a scroll of identify
 s - 4 scrolls of noise {unknown}
 t - 6 scrolls of enchant weapon {unknown}
 v - 2 scrolls of blinking {unknown}
 w - a scroll of random uselessness {unknown}
 z - 4 scrolls of immolation
 C - 3 scrolls of magic mapping {unknown}
 E - a scroll of fog {unknown}
Potions
 k - a potion of magic
 m - 2 potions of degeneration
 o - 3 potions of flight
 r - a potion of cancellation
Comestibles
 f - 10 rations
 p - 26 chunks of flesh


   Skills:
 * Level 7.8(12.8) Fighting
 * Level 13.6(18.6) Polearms
 * Level 6.3(11.3) Armour
 * Level 6.9(11.9) Dodging
 - Level 0.2(5.2) Stealth
 + Level 5.4(10.4) Shields
 * Level 5.1 Invocations


You had 10 spell levels left.
You didn't know any spells.
Your spell library contained the following spells:

 Spells                   Type           Power        Failure   Level  Hunger
 Summon Butterflies       Summ           #.......     43%         1    ##.....
 Confusing Touch          Hex            #.......     80%         3    ####...
 Gell's Gravitas          Tloc           #.........   80%         3    ####...
 Petrify                  Tmut/Erth      #.......     99%         4    #####..
 Metabolic Englaciation   Hex/Ice        #.........   100%        5    ######.
 Yara's Violent Unravell  Hex/Tmut       #.........   100%        5    ######.


Dungeon Overview and Level Annotations

Branches:
Dungeon (9/15)             Temple (1/1) D:5            Lair (0/6) D:9
    Orc: D:9-12

Altars:
Ashenzari
Cheibriados
Dithmenos
Elyvilon
Fedhas
Gozag
Hepliaklqana
Makhleb
Nemelex Xobeh
Okawaru
Qazlal
Sif Muna
Trog
Uskayaw
Vehumet
Wu Jian
Xom
Zin
The Shining One
Jiyva

Annotations:
D:8 3 runed translucent doors, krigyl's ghost, novice DEGl


Message History

The troll claws you.
* * * LOW HITPOINT WARNING * * *
Okay, then.
Evoke which item? (* to show all) (? for menu, Esc to quit)
Okay, then.
You feel yourself speed up. The troll bites you but does no damage.
The troll claws you but does no damage. x2
You puncture the troll!
The troll is almost dead.
You barely miss the troll.
The troll is almost dead.
The troll bites you.
* * * LOW HITPOINT WARNING * * *
The troll claws you but does no damage. x2
You slash the troll!
You kill the troll!
Okawaru accepts your kill.
You have reached level 11!
You hit the wyvern but do no damage. The wyvern bites you!
You die...

..........####...........
............##.#.........
.......))).............##
.#######.....#..#####).#
#P...P#)#.#..###.#....##
#.###.#.#.#.##..##.#....
+|#.')).#.##...#.....#
#.###.#l#...##.##......#
#P.lTP#♣#.#.#..#.#.#...#
#######.#.#.....#..#...#
........#.#...##.)#...#
.#.####..#.#..#..#.#..#
#...#.#.###..#..#
####.#.## ##....# #.#.#
#.#..# ##.## .##..# #. .
..#


You could see a wyvern.

Vanquished Creatures
  An unseen horror (D:8)
  An ugly thing (D:9)
  An elephant (D:9)
  A troll (D:9)
  A hornet (D:7)
  2 hippogriffs
  3 yaks (D:9)
  Edmund (D:5)
  2 ice beasts
  3 orc warriors
  2 black bears
  2 phantoms (D:5)
  2 sky beasts
  6 ogres
  4 centaurs
  3 crocodiles (D:9)
  A big kobold (D:8)
  3 bullfrogs
  A gnoll sergeant (D:9)
  2 scorpions
  8 wights
  2 howler monkeys
  An electric eel (D:7)
  3 crimson imps
  2 orc priests
  3 hounds
  A jelly (D:8)
  2 quasits (D:7)
  7 orc wizards
  2 iguanas
  10 worker ants
  A hound zombie (D:5)
  A hound skeleton (D:9)
  A worker ant zombie (D:9)
  4 gnolls
  9 adders
  A shadow imp (D:9)
  4 oozes
  2 adder skeletons
  3 worms
  7 dart slugs
  4 leopard geckos
  34 orcs
  6 giant cockroaches
  11 goblins
  9 hobgoblins
  3 jackals (D:7)
  11 kobolds
  5 quokkas
  A ball python (D:7)
  9 bats
  5 frilled lizards
  2 leopard gecko skeletons
  A quokka skeleton (D:5)
  9 rats
226 creatures vanquished.

Notes
Turn   | Place    | Note
-------+----------+-------------------------------------------
     0 | D:1      | robertstho the Merfolk Fighter began the quest for the Orb.
     0 | D:1      | Reached XP level 1. HP: 18/18 MP: 1/1
    94 | D:1      | Reached XP level 2. HP: 24/24 MP: 2/2
   465 | D:1      | Reached XP level 3. HP: 21/30 MP: 3/3
   983 | D:2      | Reached skill level 1 in Dodging
  1172 | D:2      | Reached skill level 4 in Polearms
  1329 | D:2      | Reached XP level 4. HP: 16/37 MP: 2/4
  2055 | D:3      | Found a glowing golden altar of the Shining One.
  2685 | D:3      | Reached XP level 5. HP: 42/42 MP: 5/5
  2721 | D:3      | Reached skill level 5 in Polearms
  3050 | D:4      | Noticed an ogre
  3061 | D:4      | Killed an ogre
  3073 | D:4      | You fall into a shaft and drop 3 floors!
  3125 | D:7      | Reached skill level 6 in Polearms
  3125 | D:7      | Reached XP level 6. HP: 32/48 MP: 6/6
  3433 | D:6      | Found a snail-covered altar of Cheibriados.
  3540 | D:6      | Noticed an ice beast
  3555 | D:6      | Killed an ice beast
  3555 | D:6      | Reached skill level 7 in Polearms
  3555 | D:6      | Reached XP level 7. HP: 19/55 MP: 2/7
  3890 | D:6      | Found a shimmering blue altar of Sif Muna.
  3916 | D:6      | Identified Sif Muna's Grimoire of Creation
  4255 | D:5      | Entered Level 5 of the Dungeon
  4255 | D:5      | Found a staircase to the Ecumenical Temple.
  4275 | D:5      | Reached skill level 8 in Polearms
  4285 | Temple   | Entered the Ecumenical Temple
  4410 | Temple   | Became a worshipper of Warmaster Okawaru
  4688 | D:5      | Reached XP level 8. HP: 52/61 MP: 6/8
  4714 | D:5      | Reached skill level 1 in Invocations
  4751 | D:5      | Noticed Edmund
  4778 | D:5      | Killed Edmund
  4778 | D:5      | Reached skill level 5 in Fighting
  4778 | D:5      | Reached skill level 9 in Polearms
  4897 | D:5      | Reached * piety under Okawaru
  5258 | D:5      | Reached skill level 10 in Polearms
  5671 | D:4      | Reached XP level 9. HP: 68/68 MP: 10/10
  5951 | D:4      | Found a burning altar of Makhleb.
  6381 | D:7      | Reached ** piety under Okawaru
  6390 | D:7      | Reached skill level 5 in Dodging
  6660 | D:7      | Found an iron altar of Okawaru.
  6669 | D:7      | Reached skill level 11 in Polearms
  6669 | D:7      | Reached skill level 5 in Armour
  7072 | D:7      | Noticed a hornet
  7076 | D:7      | Paralysed by a hornet for 1 turns
  7089 | D:7      | Killed a hornet
  7542 | D:7      | Reached skill level 5 in Shields
  7988 | D:8      | HP: 5/106 [something (1)]
  7994 | D:8      | HP: 4/106 [something (1)]
  7996 | D:8      | Killed an unseen horror
  7996 | D:8      | Reached *** piety under Okawaru
  7996 | D:8      | Reached skill level 12 in Polearms
  7996 | D:8      | Reached XP level 10. HP: 4/77 MP: 1/13
  8343 | D:8      | Found a runed translucent gate.
  8343 | D:8      | Found a runed translucent gate.
  8343 | D:8      | Found a runed translucent gate.
  8345 | D:8      | Noticed krigyl's ghost (novice DEGl)
  8347 | D:8      | Found a viscous altar of Jiyva.
  9034 | D:9      | Found a staircase to the Lair.
  9035 | D:9      | Noticed an elephant
  9083 | D:9      | Killed an elephant
  9112 | D:9      | Reached **** piety under Okawaru
  9808 | D:9      | Reached skill level 13 in Polearms
 10120 | D:9      | Noticed a brown ugly thing
 10139 | D:9      | Killed a brown ugly thing
 10139 | D:9      | Reached skill level 5 in Invocations
 10144 | D:9      | Reached XP level 11. HP: 9/86 MP: 14/14
 10145 | D:9      | Slain by a wyvern

Levels and vault maps discovered:
D:1:      psy_arrival_terrarium, layout_basic, minmay_tree_intersection
D:2:      layout_basic, first_ration
D:3:      layout_loops_ring, nicolae_tso_carved_into_rock,
          chequers_serial_rivers_small_3
D:4:      layout_basic, makhleb_blood_cavern_becter
D:5:      layout_gridville, minmay_temple_entry_crystal_x, uniq_edmund
D:6:      layout_basic, basic_altar, chequers_serial_rivers_small_b,
          led_sif_book
D:7:      layout_rooms, minivault_14, okawaru_metal_pillars_1_2
D:8:      layout_basic, gammafunk_ghost_ooze
D:9:      layout_basic, david_lair_generic, hiddenorc1_lemuel,
          minmay_shattered_shrine
Temple:   minmay_crystal_snake_temple

Skill      XL: |  1  2  3  4  5  6  7  8  9 10 |
---------------+-------------------------------+-----
Dodging        | 1 2 3 4 6 |  6.9
Polearms       | 4 6 7 8 10 12 13 | 13.6
Fighting       | 4 5 6 7 |  7.8
Armour         | 3 4 5 6 |  6.3
Invocations    | 2 4 5 |  5.1
Shields        | 4 5 |  5.4
Stealth        | |  0.2

Action                   |  1- 3 |  4- 6 |  7- 9 | 10-12 || total
-------------------------+-------+-------+-------+-------++-------
Melee: Trident           |   160 |   206 |   622 |    75 ||  1063
       Tailslap          |       |       |     3 |       ||     3
       Halberd           |       |       |       |   192 ||   192
Invok: Heroism           |       |       |     6 |     5 ||    11
  Use: Potion            |       |     1 |    10 |     3 ||    14
       Scroll            |       |       |     8 |       ||     8
  Eat: Chunk             |     2 |     7 |    11 |     4 ||    24
       Ration            |       |       |     1 |     1 ||     2
Armor: Scale mail        |    59 |    45 |    15 |       ||   119
       Chain mail        |       |       |   205 |    89 ||   294
       Skin              |       |       |       |     9 ||     9
Dodge: Dodged            |    50 |    58 |   131 |   115 ||   354
Block: Kite shield       |    59 |    80 |   234 |    29 ||   402

Table legend:
 A = Non-vault XP
 B = Vault XP
 C = Vault XP percentage of total XP
 D = Non-vault monster count
 E = Vault monster count
 F = Vault count percentage of total count
                 A         B        C        D         E       F
            +---------+---------+-------+---------+---------+-------
      Total |    7017 |    2511 |  26.4 |     195 |      31 |  13.7
            +---------+---------+-------+---------+---------+-------
        D:1 |      48 |       0 |   0.0 |      28 |       0 |   0.0
        D:2 |      61 |       0 |   0.0 |      17 |       0 |   0.0
        D:3 |      74 |       0 |   0.0 |      21 |       0 |   0.0
        D:4 |     344 |      42 |  10.9 |       8 |       1 |  11.1
        D:5 |    1120 |     166 |  12.9 |      30 |       1 |   3.2
        D:6 |     571 |      75 |  11.6 |      14 |       2 |  12.5
        D:7 |    1652 |       0 |   0.0 |      32 |       0 |   0.0
        D:8 |    1678 |       0 |   0.0 |      25 |       0 |   0.0
        D:9 |    1410 |    2228 |  61.2 |      19 |      27 |  58.7
     Temple |      59 |       0 |   0.0 |       1 |       0 |   0.0
            +---------+---------+-------+---------+---------+-------
